 Dungeon Crawl Stone Soup version 0.27-a0-1281-ge233d83751 (webtiles) character file.

Game seed: 10793055457999982589

60 Azzok the Chopper (level 3, -2/26 (29) HPs)
             Began as a Demonspawn Berserker on June 13, 2021.
             Was a Believer of Trog.
             Slain by Robin (5 damage)
             ... on level 2 of the Dungeon.
             The game lasted 00:02:01 (1864 turns).

Azzok the Chopper (Demonspawn Berserker)            Turns: 1864, Time: 00:02:02

HP:   -2/26 (29)    AC:  5    Str: 18    XL:     3   Next: 80%
MP:   3/3           EV: 11    Int:  8    God:    Trog [**....]
Gold: 58            SH:  0    Dex: 12    Spells: 2/2 levels left

rFire    . . .     SeeInvis .   a - +0 hand axe
rCold    . . .     Faith    .   (no shield)
rNeg     . . .     Spirit   .   l - +0 ring mail
rPois    .         Reflect  .   (no helmet)
rElec    .         Harm     .   (no cloak)
rCorr    .         Rampage  .   (no gloves)
Will     .....                  (no boots)
Stlth    +.........             (no amulet)
HPRegen  0.08/turn              (no ring)
MPRegen  0.08/turn              (no ring)

@: on berserk cooldown, slowed, heavily drained, very slow
A: powered by pain 1
a: Renounce Religion, Berserk, Trog's Hand


You were on level 2 of the Dungeon.
You worshipped Trog.
Trog was pleased with you.
You visited 1 branch of the dungeon, and saw 2 of its levels.

You collected 58 gold pieces.

Inventory:

Hand Weapons
 a - a +0 hand axe (weapon)
Armour
 l - a +0 ring mail (worn)
Jewellery
 f - a ring of resist corrosion
Scrolls
 b - 3 scrolls of magic mapping {unknown}
 c - 3 scrolls of identify {unknown}
 g - 2 scrolls of teleportation {unknown}
 i - a scroll of fear {unknown}
Potions
 e - a potion of flight {unknown}
 h - a potion of haste {unknown}
 j - a potion of attraction {unknown}
 k - a potion of ambrosia {unknown}


   Skills:
 - Level 3.0 Fighting
 + Level 4.3 Axes
 - Level 1.7 Armour
 - Level 1.7 Dodging


You had 2 spell levels left.
You didn't know any spells.
Your spell library was empty.

Dungeon Overview and Level Annotations

Branches:
Dungeon (2/15)

Altars:

Shops:
D:1 !![

Annotations:
D:2 Robin


Innate Abilities, Weirdness & Mutations

You sometimes gain a little power by taking damage.


Message History

You hit the goblin.
You kill the goblin!
Trog accepts your kill.
A goblin comes into view. It is wielding a +0 dagger.
You slash the goblin!
You kill the goblin!
Trog accepts your kill.
You slash the goblin!
You kill the goblin!
Trog accepts your kill.
A goblin comes into view. It is wielding a +0 dagger.
The goblin shouts!
A hobgoblin comes into view.
Items here: ))))))) ††††††††.
You slash the goblin!
You kill the goblin!
Trog accepts your kill.
You barely miss Robin.
You are no longer berserk.
You are exhausted.
You feel yourself slow down. Robin barely misses you.
You slash the goblin!
You kill the goblin!
Trog accepts your kill.
You hit Robin. Robin barely misses you.
Robin hits you with a +2 mace of draining!
You feel drained.
Robin hits you with a +2 mace of draining.
You feel drained.
Things that are here:
a +0 dagger; a +0 dagger; a goblin corpse You closely miss Robin.
Robin is moderately wounded.
You hit the hobgoblin but do no damage. The hobgoblin hits you.
* * * LOW HITPOINT WARNING * * *
Robin barely misses you. The hobgoblin hits you.
* * * LOW HITPOINT WARNING * * *
The hobgoblin no longer looks unusually strong.
Robin hits you with a +2 mace of draining.
You die...

·····················▒
▒·····
·····················▒
▒·····
·····················▒
▒·····
·····[····▒▒▒▒▒▒▒▒╬▒▒▒
▒▒▒▒▒▒▒▒▒·▒ ·▒ ▒·▒▒▒▒▒
·▒ ▒·····▒▒▒▒·▒▒▒▒▒▒
▒▒▒▒▒·▒▒g)g······
▒·▒▒@▒······▒
▒·▒▒·▒▒▒▒▒▒·▒
▒·▒▒)···▒ ▒····<··▒
▒·▒▒·▒▒▒▒ ▒·▒▒···
▒▒▒▒▒▒▒▒


You could see Robin and a hobgoblin.

Vanquished Creatures
  6 dart slugs
  An orc (D:2)
  A ball python (D:1)
  2 endoplasms (D:1)
  2 giant cockroaches (D:1)
  13 goblins
  2 hobgoblins
  3 jackals (D:1)
  A quokka (D:1)
  2 bats (D:2)
  4 frilled lizards
  A kobold (D:1)
  3 rats
41 creatures vanquished.

Notes
Turn   | Place    | Note
-------+----------+-------------------------------------------
     0 | D:1      | Azzok the Demonspawn Berserker began the quest for the Orb.
     0 | D:1      | Reached XP level 1. HP: 18/18 MP: 1/1
    83 | D:1      | Reached skill level 3 in Axes
   435 | D:1      | Found Papsygu's Distillery.
   555 | D:1      | Gained mutation: You sometimes gain a little power by
                  | taking damage. [demonic ancestry]
   555 | D:1      | Reached XP level 2. HP: 23/24 MP: 2/2
   581 | D:1      | Found a faded altar of an unknown god.
   898 | D:1      | Found Luntopes's Antique Armour Boutique.
  1050 | D:1      | Reached XP level 3. HP: 29/29 MP: 3/3
  1140 | D:1      | Found Yssofewn's Distillery.
  1628 | D:2      | Reached skill level 4 in Axes
  1634 | D:2      | Reached ** piety under Trog
  1840 | D:2      | Noticed Robin
  1864 | D:2      | Slain by Robin

Illustrated notes

Levels and vault maps discovered:
D:1:      matt_arrival_grand_opening, layout_loops_ring, serial_shops,
          shop_statue, nicolae_shop_crystal, shop,
          ebering_ecumenical_altar_webs, minmay_misc_feat_iff, bh_walls_and_bars
D:2:      layout_basic, st_stairs_5, minmay_pentomino_pile, uniq_robin

Skill      XL: |  1  2  3 |
---------------+----------+-----
Axes           | 3 4 |  4.3
Fighting       | |  3.0
Armour         | |  1.7
Dodging        | |  1.7

Action                   || total
-------------------------++-------
Melee: Hand axe          ||    97
Invok: Berserk           ||     4
 Stab: Sleeping          ||     1
Armor: Leather armour    ||    25
       Animal skin       ||     1
       Ring mail         ||     5
Dodge: Dodged            ||    56

Table legend: (Time is in decaauts)
 A = Elapsed time spent in this place.
 B = Non-inter-level travel time spent in this place.
 C = Inter-level travel time spent in this place.
 D = Time resting spent in this place.
 E = Time spent auto-exploring this place.
 F = Levels seen in this place.
 G = Mean time per level.
                   A        B        C        D        E       F      G
               +--------+--------+--------+--------+--------+-----+--------+
         Total |   1896 |   1884 |     12 |     41 |   1574 |   2 |  948.0 |
       Dungeon |   1896 |   1884 |     12 |     41 |   1574 |   2 |  948.0 |
               +--------+--------+--------+--------+--------+-----+--------+

Top non-repeatable levels by time:
     D:1: 1505 daAuts
     D:2: 390 daAuts
